 Dungeon Sprint DCSS version 0.25-a0-316-gd28d56f9c5 (webtiles) character file.

Game seed: 10067093022061799818, levelgen mode: deterministic

240 Morrissey the Grappler (level 5, -5/61 HPs)
             Began as a Troll Monk on Dec 25, 2019.
             Was a Follower of Ru.
             Killed by divine providence
             ... invoked by an orc priest
              (15 damage)
             ... in the Dungeon (Sprint VII: "The Pits").
             The game lasted 00:01:56 (219 turns).

Morrissey the Grappler (Troll Monk)                  Turns: 219, Time: 00:01:57

Health: -5/61      AC:  6    Str: 19    XL:     5   Next: 79%
Magic:  4/4        EV: 12    Int:  6    God:    Ru [*.....]
Gold:   0          SH:  0    Dex: 13    Spells: 4/4 levels left

rFire    . . .     SeeInvis .     - Unarmed
rCold    . . .     Gourm    +   (no shield)
rNeg     . . .     Faith    .   a - +0 robe
rPois    .         Spirit   .   (helmet restricted)
rElec    .         Reflect  .   (no cloak)
rCorr    .         Harm     .   (gloves unavailable)
MR       .....     NoTele   +   (boots unavailable)
Stlth    ++........             (no amulet)
HPRegen  0.60/turn              (no ring)
MPRegen  0.09/turn              (no ring)

@: no scrolls
A: large, unfitting armour, claws 3, fast metabolism 3, gourmand, regeneration
1, shaggy fur 1, tough skin 3, inability to read while threatened
a: Renounce Religion


You were in the Dungeon.
You worshipped Ru.
Ru was aware of your devotion.
You were full.

You visited 1 branch

Inventory:

Armour
 a - a +0 robe (worn)
Scrolls
 h - a scroll of blinking
 k - 3 scrolls of remove curse
 l - 5 scrolls of amnesia
 m - a scroll of summoning
Potions
 c - 6 potions of curing
 d - 6 potions of heal wounds
 e - a potion of haste
 f - 4 potions of magic
 g - 3 potions of berserk rage
 j - 2 potions of invisibility
Comestibles
 b - 10 rations


   Skills:
 * Level 6.8 Fighting
 + Level 5.1 Dodging
 - Level 1.0 Stealth
 * Level 8.2 Unarmed Combat


You had 4 spell levels left.
You didn't know any spells.
Your spell library was empty.

Dungeon Overview and Level Annotations

Branches:
Dungeon (1/1)

Altars:
Ashenzari
Cheibriados
Dithmenos
Elyvilon
Fedhas
Gozag
Hepliaklqana
Kikubaaqudgha
Makhleb
Nemelex Xobeh
Okawaru
Qazlal
Ru
Sif Muna
Trog
Uskayaw
Vehumet
Wu Jian
Xom
Yredelemnul
Zin
The Shining One
Beogh
Jiyva
Lugonu


Innate Abilities, Weirdness & Mutations

You are too large for most types of armour.
You have claws for hands.
Your metabolism is lightning-fast.
You like to eat raw meat.
Your natural rate of healing is unusually fast.
You are covered in fur. (AC +1)
You have extremely tough skin. (AC +3)
You cannot read scrolls while threatened.


Message History

The orc priest calls down the wrath of Beogh upon you.
Beogh smites you!
* * * LOW HITPOINT WARNING * * *
An orc comes into view. It is wielding a +0 club.
You scratch the orc priest.
The orc priest is lightly wounded.
The orc priest hits you with a +0 flail of protection.
* * * LOW HITPOINT WARNING * * *
You closely miss the orc priest.
The orc priest is lightly wounded.
The orc priest completely misses you.
You scratch the orc priest but do no damage.
The orc priest is lightly wounded.
You closely miss the orc priest.
The orc priest is lightly wounded.
The orc priest hits you with a +0 flail of protection!
* * * LOW HITPOINT WARNING * * *
The orc priest mumbles some strange prayers to Beogh against you.
Beogh smites you!
You die...

##########.##.....
#.)........÷'.....
#'#####'#####.....
#.#..#÷)#..##.....
#.#..'..#))#####'#
#.#..####))##.....
#.#..#..#))##.....
#.#..#..#[[##.....
#@##'#..#'###...<.
#o#........##.....
#r#........##.....
#h###########.....
#oo..ho.# ######
#..#.#oo# #.## #
#.. #.#


You could see a warg, 2 orc priests, an orc and a rat.

Vanquished Creatures
  A floating eye (D)
  A scorpion (D)
  2 orc priests (D)
  A gnoll (D)
  A river rat (D)
  2 leopard geckos (D)
  3 orcs (D)
  2 ball pythons (D)
  2 giant cockroaches (D)
  A goblin (D)
  A frilled lizard (D)
17 creatures vanquished.

Notes
Turn   | Place    | Note
-------+----------+-------------------------------------------
     0 | D        | Morrissey the Troll Monk began the quest for the Orb.
     0 | D        | Reached XP level 1. HP: 22/22 MP: 0/0
    48 | D        | Found a bloodstained altar of Trog.
    48 | D        | Found a shimmering blue altar of Sif Muna.
    48 | D        | Found a viscous altar of Jiyva.
    48 | D        | Found a hazy altar of Hepliaklqana.
    48 | D        | Found an opulent altar of Gozag.
    49 | D        | Found a glowing golden altar of the Shining One.
    49 | D        | Found a glowing silver altar of Zin.
    49 | D        | Found a basalt altar of Yredelemnul.
    49 | D        | Found a shimmering altar of Xom.
    49 | D        | Found an ornate altar of the Wu Jian Council.
    49 | D        | Found a sacrificial altar of Ru.
    49 | D        | Found a stormy altar of Qazlal.
    49 | D        | Found an iron altar of Okawaru.
    49 | D        | Found a sparkling altar of Nemelex Xobeh.
    49 | D        | Found a burning altar of Makhleb.
    49 | D        | Found a blossoming altar of Fedhas.
    49 | D        | Found a white marble altar of Elyvilon.
    49 | D        | Found a shadowy altar of Dithmenos.
    49 | D        | Found a snail-covered altar of Cheibriados.
    51 | D        | Found a radiant altar of Vehumet.
    51 | D        | Found a corrupted altar of Lugonu.
    51 | D        | Found a roughly hewn altar of Beogh.
    54 | D        | Found a shattered altar of Ashenzari.
    54 | D        | Found an ancient bone altar of Kikubaaqudgha.
    54 | D        | Found a hide-covered altar of Uskayaw.
    65 | D        | Became a worshipper of Ru the Awakened
    73 | D        | Gained mutation: You cannot read scrolls while threatened.
                  | [Ru sacrifice]
    73 | D        | Reached * piety under Ru
    76 | D        | Reached skill level 4 in Unarmed Combat
    76 | D        | Reached XP level 2. HP: 31/31 MP: 1/1
    97 | D        | Noticed a floating eye
    99 | D        | Paralysed by a floating eye for 3 turns
   104 | D        | Killed a floating eye
   104 | D        | Reached skill level 5 in Fighting
   104 | D        | Reached skill level 6 in Unarmed Combat
   104 | D        | Reached XP level 3. HP: 42/42 MP: 2/2
   104 | D        | Reached XP level 4. HP: 50/50 MP: 3/3
   158 | D        | Noticed a warg
   180 | D        | Reached skill level 7 in Unarmed Combat
   180 | D        | Reached XP level 5. HP: 50/59 MP: 4/4
   212 | D        | Reached skill level 5 in Dodging
   212 | D        | Reached skill level 8 in Unarmed Combat
   219 | D        | Killed from afar by an orc priest

Levels and vault maps discovered:
D:        pitsprint [storerooms_1, entrance_room_1, metal_vault_3, armoury_3,
          mini_pit_1, grid_room_1, main_hall_1, silver_pit, the_coven_1,
          the_vestibule_1, steel_vault_5, golden_pit, hallway_of_sentries,
          crystal_vault_3, iron_vault_1, final_vault]

Skill      XL: |  1  2  3  4  5 |
---------------+----------------+-----
Fighting       | 3 5 6 |  6.8
Unarmed Combat | 4 6 7 8 |  8.2
Dodging        | 4 5 |  5.1
Stealth        | |  1.0

Action                   |  1- 3 |  4- 6 || total
-------------------------+-------+-------++-------
Melee: Unarmed           |    23 |    30 ||    53
       Punch             |     1 |     1 ||     2
Invok: Sacrifice Words   |     1 |       ||     1
  Eat: Chunk             |       |     4 ||     4
Armor: Robe              |     9 |     5 ||    14
Dodge: Dodged            |     7 |    11 ||    18

Table legend:
 A = Non-vault XP
 B = Vault XP
 C = Vault XP percentage of total XP
 D = Non-vault monster count
 E = Vault monster count
 F = Vault count percentage of total count
                 A         B        C        D         E       F
            +---------+---------+-------+---------+---------+-------
      Total |       0 |     343 | 100.0 |       0 |      17 | 100.0
            +---------+---------+-------+---------+---------+-------
          D |       0 |     343 | 100.0 |       0 |      17 | 100.0
            +---------+---------+-------+---------+---------+-------
